 Dungeon Crawl Stone Soup version 0.29-a0-11-ga75d3d97ab (webtiles) character file.

Game seed: 16003643190375119095

1790 gimp the Magician (level 9, -20/47 HPs)
             Began as a Tengu Wanderer on Jan 29, 2022.
             Was a Follower of Vehumet.
             Demolished by a boulder beetle (26 damage)
             ... on level 6 of the Dungeon.
             The game lasted 00:09:34 (7827 turns).

gimp the Magician (Tengu Wanderer)                  Turns: 7827, Time: 00:09:35

Health: -20/47     AC:  6    Str: 15    XL:     9   Next: 8%
Magic:  28/28      EV: 14    Int: 16    God:    Vehumet [*.....]
Gold:   160        SH:  0    Dex: 12    Spells: 17/23 levels left

rFire   + . .      SeeInvis .   b - staff of conjuration
rCold   . . .      Faith    .   (no shield)
rNeg    + . .      Spirit   .   e - +1 leather armour
rPois   .          Reflect  .   (helmet restricted)
rElec   .          Harm     .   (no cloak)
rCorr   .          Rampage  .   f - +1 pair of gloves of Catatonia {rF+ rN+}
Will    +....                   (boots unavailable)
Stlth   +.........              (no amulet)
HPRegen 0.15/turn               z - ring of wizardry
MPRegen 0.21/turn               o - ring of magical power

@: flying quickly and evasively, quick
A: beak, talons 3, nimble flight, low mp 1, strong-willed 1
a: Renounce Religion


You were on level 6 of the Dungeon.
You worshipped Vehumet.
Vehumet was aware of your devotion.
You visited 2 branches of the dungeon, and saw 8 of its levels.

You collected 160 gold pieces.

Inventory:

Hand Weapons
 a - a +3 short sword of draining
Missiles
 d - 78 stones
 g - 4 throwing nets (quivered)
 n - 7 poisoned darts
Armour
 e - a +1 leather armour (worn)
 f - the +1 pair of gloves of Catatonia (worn) {rF+ rN+}
   (You acquired it on level 2 of the Dungeon)

   rF:        It protects you from fire.
   rN:        It protects you from negative energy.
Magical Staves
 b - a staff of conjuration (weapon)
 c - a staff of air
Jewellery
 o - a ring of magical power (right hand)
 q - a ring of magical power
 y - a ring of fire
 z - a ring of wizardry (left hand)
Wands
 r - a wand of iceblast (12)
 t - a wand of polymorph (7)
Scrolls
 h - 2 scrolls of fear
 k - 6 scrolls of teleportation
 p - a scroll of enchant armour
 x - a scroll of fog
 A - a scroll of amnesia
 B - a scroll of magic mapping
Potions
 i - a potion of curing
 j - 2 potions of cancellation {unknown}
 l - 2 potions of magic {unknown}
 m - 2 potions of mutation
 s - 2 potions of lignification
 u - a potion of berserk rage {unknown}
 v - a potion of flight {unknown}
 w - a potion of invisibility {unknown}


   Skills:
 - Level 1.0 Fighting
 - Level 1.1 Armour
 - Level 3.2 Dodging
 * Level 7.8 Spellcasting
 + Level 6.8 Conjurations
 + Level 5.7 Air Magic
 - Level 3.0 Earth Magic
 - Level 1.0 Invocations


You had 17 spell levels left.
You knew the following spells:

 Your Spells              Type           Power      Damage    Failure   Level
a - Stone Arrow           Conj/Erth      66%        3d11      2%          3
b - Sandblast             Erth           30%        2d9       1%          1
c - Static Discharge      Conj/Air       39%        N/A       1%          2

Your spell library contained the following spells:

 Spells                   Type           Power      Damage    Failure   Level
 Shock                    Conj/Air       100%       1d9       1%          1
 Apportation              Tloc           12%        N/A       6%          1
 Lightning Bolt           Conj/Air       19%        1d34      12%         5
 Inner Flame              Hex/Fire       6%         N/A       16%         3
 Cause Fear               Hex            3%         N/A       45%         4
 Alistair's Intoxication  Tmut/Pois      4%         N/A       80%         5
 Discord                  Hex            3%         N/A       100%        8
 Maxwell's Capacitive Co  Air            12%        ∞         100%        8


Dungeon Overview and Level Annotations

Branches:
Dungeon (7/15)             Temple (1/1) D:4

Altars:
Ashenzari
Cheibriados
Dithmenos
Elyvilon
Fedhas
Gozag
Hepliaklqana
Kikubaaqudgha
Makhleb
Nemelex Xobeh
Okawaru
Qazlal
Ru
Sif Muna
Trog
Uskayaw
Vehumet
Wu Jian
Xom
Yredelemnul
Zin
The Shining One

Annotations:
D:6 1 runed translucent door, Crazy Yiuf


Innate Abilities, Weirdness & Mutations

You have a beak for a mouth.
You have claws for feet.
Your magical nature lets you fly swiftly and evasively.
Your magical capacity is low. (-10% MP)
You are strong-willed. (Will+)


Message History

* * * LOW HITPOINT WARNING * * *
The boulder beetle stops rolling and uncurls.
You take 27 damage, and have 8/47 hp.
MASSIVE DAMAGE!!
The centaur unwields a +0 shortbow.
The centaur barely misses you.
The centaur kicks you but does no damage.
The centaur hits you.
* * * LOW HITPOINT WARNING * * *
The centaur barely misses you. The centaur closely misses you.
The centaur kicks you but does no damage.
You take 4 damage, and have 5/47 hp.
You feel better.
You regained 5 hp, and now have 10/47 hp.
The centaur wields a +0 shortbow.
The centaur shoots an arrow.
The arrow barely misses you.
The centaur shoots an arrow.
The arrow misses you.
There is a stone staircase leading up here.
You fly upwards.
Level annotation: 1 runed translucent door, Crazy Yiuf
There is a stone staircase leading down here.
You start resting.
Magic restored.
MP restored: 28 You start resting.
HP restored.
Health restored: 47 You fly downwards.
The centaur shoots an arrow.
The arrow hits you! The boulder beetle bites you!
The boulder beetle bites you but does no damage.
There is a stone staircase leading up here.
You take 20 damage, and have 27/47 hp.
MASSIVE DAMAGE!!
The centaur shoots an arrow.
The arrow hits you.
The centaur shoots an arrow.
The arrow hits you. The boulder beetle bites you!
* * * LOW HITPOINT WARNING * * *
You fly upwards.
Level annotation: 1 runed translucent door, Crazy Yiuf
There is a stone staircase leading down here.
You take 26 damage, and have 1/47 hp.
MASSIVE DAMAGE!!
You feel better. The boulder beetle bites you!!
Ouch! That really hurt!
You die...

.####.#.# ♣.♣♣
#....... ## #.#.#
♣♣.♣ ####.### #
##.#.#### ♣♣.♣♣ #.# #
#.......# ♣♣P..♣ #.#
# #.#####.# ###
♣P..P♣ ####.# # #.#
#.###.# #....# #....#
# #.# #.....####....#
###### #.#
#........#....#
#.#####.###.B@.##.#.#
#.......# #.#.###.#.#
######### #.#.......#
#.......### #########


You could see a boulder beetle.

Vanquished Creatures
  A water moccasin (D:7)
  Duvessa (D:5)
  An orc warrior (D:7)
  A black bear (D:6)
  An ogre (D:5)
  A centaur (D:7)
  2 ice beasts
  A phantom (D:5)
  A wyvern zombie (D:7)
  4 scorpions
  Dowan (D:5)
  4 killer bees (D:7)
  An orc priest (D:6)
  A jelly (D:6)
  A hound (D:7)
  A gnoll shaman (D:6)
  A centaur skeleton (D:6)
  2 iguanas
  An orc wizard (D:4)
  A killer bee zombie (D:7)
  6 gnolls
  3 adders
  An adder zombie (D:5)
  A worm (D:3)
  A dart slug (D:1)
  11 orcs
  7 endoplasms
  2 giant cockroaches
  4 goblins
  4 hobgoblins
  15 jackals
  2 quokkas (D:1)
  8 ball pythons
  11 bats
  6 frilled lizards
  6 kobolds
  6 rats
122 creatures vanquished.

Vanquished Creatures (others)
  A fungus (D:6)
1 creature vanquished.

Grand Total: 123 creatures vanquished

Notes
Turn   | Place    | Note
-------+----------+-------------------------------------------
     0 | D:1      | gimp the Tengu Wanderer began the quest for the Orb.
     0 | D:1      | gimp set off with the following items: a +0 club, 2
                  | throwing nets, a potion of lignification, 29 stones, a +0
                  | leather armour; and the following spell memorised:
                  | Sandblast; and the following spells available to memorise:
                  | Stone Arrow
     0 | D:1      | Reached XP level 1. HP: 12/12 MP: 4/4
   203 | D:1      | Found a faded altar of an unknown god.
   213 | D:1      | Reached XP level 2. HP: 16/16 MP: 4/6
   800 | D:1      | Reached XP level 3. HP: 15/20 MP: 4/8
  1449 | D:2      | Identified a scroll of acquirement
  1449 | D:2      | Acquired the +1 pair of gloves of Catatonia {rF+ rN+}
  1622 | D:2      | Reached skill level 3 in Spellcasting
  2111 | D:3      | Learned a level 3 spell: Stone Arrow
  2190 | D:3      | Reached XP level 4. HP: 24/25 MP: 9/9
  2818 | D:3      | Reached skill level 1 in Conjurations
  2831 | D:3      | Acquired a staff of conjuration
  3089 | D:4      | Noticed a scorpion
  3103 | D:4      | Gained mutation: Your magical capacity is low. (-10% MP)
                  | [potion of mutation]
  3103 | D:4      | Gained mutation: You are strong-willed. (Will+) [potion of
                  | mutation]
  3106 | D:4      | Killed a scorpion
  3107 | D:4      | Gained mutation: Your magical nature lets you fly swiftly
                  | and evasively. [Tengu growth]
  3107 | D:4      | Reached XP level 5. HP: 8/29 MP: 0/10
  3400 | D:4      | Found a staircase to the Ecumenical Temple.
  3409 | Temple   | Entered the Ecumenical Temple
  3490 | Temple   | Became a worshipper of Vehumet
  3561 | D:4      | Reached skill level 4 in Spellcasting
  4048 | D:4      | Reached XP level 6. HP: 27/34 MP: 3/12
  4182 | D:4      | Learned a level 2 spell: Static Discharge
  4362 | D:5      | Entered Level 5 of the Dungeon
  4397 | D:5      | Reached skill level 5 in Spellcasting
  4476 | D:5      | Noticed Duvessa
  4478 | D:5      | Noticed Dowan
  4484 | D:5      | Reached skill level 1 in Air Magic
  4484 | D:5      | Reached XP level 7. HP: 38/38 MP: 4/14
  4484 | D:5      | Killed Duvessa
  4485 | D:5      | Killed Dowan
  4950 | D:5      | Reached skill level 6 in Spellcasting
  5215 | D:5      | Found a stormy altar of Qazlal.
  5383 | D:6      | Reached * piety under Vehumet
  5383 | D:6      | Offered knowledge of Shock by Vehumet.
  5476 | D:6      | Reached XP level 8. HP: 39/43 MP: 12/16
  5646 | D:6      | Reached skill level 5 in Conjurations
  6039 | D:6      | Found a runed translucent door.
  6040 | D:6      | Noticed Crazy Yiuf
  6531 | D:7      | Noticed a boulder beetle
  6532 | D:7      | Identified the +0 robe of Unambiguity {Rampage Stlth+}
  6859 | D:7      | Reached skill level 7 in Spellcasting
  7249 | D:7      | Reached skill level 5 in Air Magic
  7474 | D:7      | Reached XP level 9. HP: 47/47 MP: 19/19
  7825 | D:7      | HP: 1/47 [boulder beetle (16)]
  7827 | D:6      | Demolished by a boulder beetle

Illustrated notes

Levels and vault maps discovered:
D:1:      dpeg_arrival_court, layout_loops_ring, ebering_ecumenical_altar_hall
D:2:      layout_rooms
D:3:      layout_loops_corners
D:4:      layout_cave_pools, minmay_temple_entry_mini_moons,
          serial_column_ruins, column_ruins_square_large,
          column_ruins_circle_medium, column_ruins_grid_1,
          column_ruins_open_tiny, column_ruins_open_small, column_ruins_grid_1,
          column_ruins_open_tiny, column_ruins_open_small
D:5:      layout_cave_pools, mainiacjoe_overflow_small_starburst, uniq_duvessa
D:6:      layout_loops_ring, uniq_crazy_yiuf_cottage
D:7:      layout_rooms
Temple:   grunt_wide_crystal_templ

Skill      XL: |  1  2  3  4  5  6  7  8 |
---------------+-------------------------+-----
Earth Magic    | 2 3 |  3.0
Spellcasting   | 3 4 5 6 7 |  7.8
Conjurations   | 1 2 3 4 6 |  6.8
Air Magic      | 1 3 5 |  5.7
Fighting       | |  1.0
Armour         | |  1.1
Dodging        | |  3.2
Invocations    | |  1.0

Action                   |  1- 3 |  4- 6 |  7- 9 || total
-------------------------+-------+-------+-------++-------
Melee: Club              |    11 |       |       ||    11
       Kick              |    12 |    15 |     5 ||    32
       Peck              |     4 |     7 |     5 ||    16
       Dagger            |    15 |       |       ||    15
       Short sword       |    42 |    73 |    14 ||   129
       Punch             |     1 |     2 |     1 ||     4
       Staff             |       |     5 |     8 ||    13
 Cast: Sandblast         |    29 |    34 |    12 ||    75
       Stone Arrow       |       |     7 |    62 ||    69
Evoke: Wand              |       |     2 |     1 ||     3
  Use: Scroll            |     3 |     7 |     3 ||    13
       Potion            |       |     4 |     2 ||     6
 Stab: Sleeping          |     1 |       |       ||     1
Armor: Leather armour    |    33 |    31 |    18 ||    82
Dodge: Dodged            |    76 |    58 |    55 ||   189

Table legend: (Time is in decaauts)
 A = Elapsed time spent in this place.
 B = Non-inter-level travel time spent in this place.
 C = Inter-level travel time spent in this place.
 D = Time resting spent in this place.
 E = Time spent auto-exploring this place.
 F = Levels seen in this place.
 G = Mean time per level.
                   A        B        C        D        E       F      G
               +--------+--------+--------+--------+--------+-----+--------+
         Total |   7641 |   7386 |    255 |    794 |   5578 |   8 |  955.1 |
       Dungeon |   7555 |   7335 |    220 |    794 |   5545 |   7 | 1079.3 |
        Temple |     85 |     50 |     35 |      0 |     33 |   1 |   85.0 |
               +--------+--------+--------+--------+--------+-----+--------+

Top non-repeatable levels by time:
     D:3: 1692 daAuts
     D:6: 1522 daAuts
     D:1: 1315 daAuts
     D:4: 862 daAuts
     D:5: 841 daAuts
     D:7: 738 daAuts
     D:2: 584 daAuts
  Temple: 85 daAuts
